 Dungeon Crawl Stone Soup version 0.21.0-3-g78d12a8 (webtiles) character file.

683 zxpr0jk the Chiller (level 7, -7/50 HPs)
             Began as a Red Draconian Ice Elementalist on Jan 14, 2018.
             Was a Follower of Cheibriados.
             Shot with an arrow by a centaur (13 damage)
             ... on level 5 of the Dungeon.
             The game lasted 00:11:10 (4948 turns).

zxpr0jk the Chiller (DrIE)                          Turns: 4948, Time: 00:11:10

Health: -7/50      AC:  8    Str: 12    XL:     7   Next: 35%
Magic:  14/14      EV: 14    Int: 18    God:    Cheibriados [*.....]
Gold:   124        SH:  0    Dex: 15    Spells: 5/16 levels left

rFire    + . .     SeeInvis .   q - +2 spear (pierce)
rCold    . . .     Gourm    .   (no shield)
rNeg     . . .     Faith    .   (armour unavailable)
rPois    .         Spirit   .   (helmet restricted)
rElec    .         Reflect  .   r - +0 cloak
rCorr    .         Harm     .   (no gloves)
MR       .....                  s - +0 pair of boots
Stlth    +.........             (no amulet)
HPRegen  0.16/turn              e - ring of loudness (curse)
MPRegen  0.14/turn              (no ring)

@: very slow
A: breathe fire, unfitting armour, fire resistance 1, cold-blooded, AC +6
a: Breathe Fire, Bend Time, Renounce Religion


You were on level 5 of the Dungeon.
You worshipped Cheibriados.
Cheibriados was aware of your devotion.
You were not hungry.

You visited 2 branches of the dungeon, and saw 6 of its levels.

You collected 124 gold pieces.

Inventory:

Hand Weapons
 q - a +2 spear of piercing (weapon)
 t - a +0 mace of holy wrath
Missiles
 d - 103 stones (quivered)
Armour
 r - a +0 cloak (worn)
 s - a +0 pair of boots (worn)
Jewellery
 e - a cursed ring of loudness (left hand)
Wands
 l - a wand of polymorph (8)
 v - a wand of disintegration (11)
Scrolls
 c - a scroll of remove curse {unknown}
 h - 2 scrolls of teleportation {unknown}
 j - a scroll of blinking {unknown}
 o - a scroll of amnesia {unknown}
 u - a scroll of magic mapping {unknown}
Potions
 g - 2 potions of ambrosia {unknown}
 i - a potion of heal wounds {unknown}
 k - a potion of mutation {unknown}
 m - 2 potions of might {unknown}
 n - a potion of berserk rage {unknown}
Books
 a - a book of Frost

   Spells                             Type                      Level
   a - Freeze                         Ice                          1
   b - Throw Frost                    Conjuration/Ice              2
   c - Ozocubu's Armour               Charms/Ice                   3
   d - Throw Icicle                   Conjuration/Ice              4
   e - Summon Ice Beast               Ice/Summoning                4
 f - a book of Necromancy

   Spells                             Type                      Level
   a - Pain                           Necromancy                   1
   b - Animate Skeleton               Necromancy                   1
   c - Vampiric Draining              Necromancy                   3
   d - Regeneration                   Charms/Necromancy            3
   e - Animate Dead                   Necromancy                   4
   f - Borgnjor's Vile Clutch         Necromancy/Earth             5
 p - a book of Misfortune

   Spells                             Type                      Level
   a - Confusing Touch                Hexes                        1
   b - Confuse                        Hexes                        3
   c - Gell's Gravitas                Translocation                3
   d - Petrify                        Transmutation/Earth          4
   e - Metabolic Englaciation         Hexes/Ice                    5
   f - Yara's Violent Unravelling     Hexes/Transmutation          5
Comestibles
 b - 8 rations


   Skills:
 + Level 3.4 Dodging
 - Level 1.7 Stealth
 - Level 5.0 Spellcasting
   Level 1.0 Conjurations
 - Level 5.0 Ice Magic


You had 5 spell levels left.
You knew the following spells:

 Your Spells              Type           Power        Failure   Level  Hunger
a - Freeze                Ice            ###.         1%          1    None
b - Ozocubu's Armour      Chrm/Ice       ##......     14%         3    ##.....
c - Regeneration          Chrm/Necr      #.........   36%         3    ##.....
d - Summon Ice Beast      Ice/Summ       ##......     43%         4    ####...


Dungeon Overview and Level Annotations

Branches:
Dungeon (5/15)             Temple (1/1) D:4

Altars:
Cheibriados
Dithmenos
Elyvilon
Fedhas
Gozag
Kikubaaqudgha
Makhleb
Nemelex Xobeh
Sif Muna
Trog
Uskayaw
Wu Jian
Yredelemnul
Zin
The Shining One


Innate Abilities, Weirdness & Mutations

You can breathe blasts of fire.
Your fiery red scales are hard. (AC +6)
You cannot fit into any form of body armour.
Your flesh is heat resistant. (rF+)
You are cold-blooded and may be slowed by cold attacks.


Message History

You feel sick.
You are no longer poisoned.
You start resting.
A centaur comes into view.
The centaur wields a shortbow.
The centaur shoots an arrow.
The arrow hits you!
The centaur shoots an arrow.
The arrow misses you.
You see here 2 arrows.
The centaur shoots an arrow.
The arrow hits you but does no damage.
The centaur shoots an arrow.
The arrow barely misses you.
You see here an arrow.
The centaur shoots an arrow.
The arrow hits you!
* * * LOW HITPOINT WARNING * * *
The centaur shoots an arrow.
The arrow closely misses you.
You see here an arrow.
The centaur shoots an arrow.
The arrow completely misses you.
The centaur shoots an arrow.
The arrow misses you.
The centaur shoots an arrow.
The arrow hits you.
* * * LOW HITPOINT WARNING * * *
The centaur shoots an arrow.
The arrow hits you!
You die...

.(# #. #.# ##
##.# #.# ..
....###.# .#
#....#.###.##..
#.c.........
##...###... ..
#...## .. ...
#.@..##.#...
#.....#.#.###
#.(..........
##..(.......#
#...((.....##
##.....<.....#
#..............
#..##.........##
#... #.........#


You could see a centaur.

Vanquished Creatures
  A sky beast (D:5)
  A scorpion (D:4)
  A hound (D:4)
  3 orc priests (D:4)
  Terence (D:2)
  3 worker ants
  5 orc wizards (D:4)
  11 adders
  An ooze (D:4)
  3 worms
  A dart slug (D:4)
  2 leopard geckos
  15 orcs
  4 goblins
  3 hobgoblins
  2 jackals (D:1)
  3 quokkas
  7 bats
  11 frilled lizards
  6 kobolds
  A leopard gecko skeleton (D:4)
  7 rats
92 creatures vanquished.

Notes
Turn   | Place    | Note
-------+----------+-------------------------------------------
     0 | D:1      | zxpr0jk the Draconian Ice Elementalist began the quest for the Orb.
     0 | D:1      | Reached XP level 1. HP: 14/14 MP: 3/3
   176 | D:1      | Reached XP level 2. HP: 17/20 MP: 5/5
   939 | D:2      | Reached XP level 3. HP: 23/26 MP: 0/6
  1002 | D:2      | Learned a level 3 spell: Ozocubu's Armour
  1037 | D:2      | Noticed Terence
  1085 | D:2      | Killed Terence
  1360 | D:2      | Reached XP level 4. HP: 20/33 MP: 4/8
  1646 | D:2      | Found a glowing silver altar of Zin.
  1646 | D:2      | Found a hide-covered altar of Uskayaw.
  1647 | D:2      | Found an ancient bone altar of Kikubaaqudgha.
  2364 | D:3      | Found a basalt altar of Yredelemnul.
  2371 | D:3      | Found a shadowy altar of Dithmenos.
  2879 | D:3      | Reached skill level 5 in Ice Magic
  2879 | D:3      | Reached XP level 5. HP: 19/38 MP: 6/9
  3420 | D:3      | Found an ornate altar of the Wu Jian Council.
  3823 | D:4      | Reached XP level 6. HP: 34/45 MP: 11/11
  3889 | D:4      | Found a staircase to the Ecumenical Temple.
  3915 | Temple   | Entered the Ecumenical Temple
  3969 | Temple   | Became a worshipper of Cheibriados the Contemplative
  4523 | D:4      | Learned a level 3 spell: Regeneration
  4528 | D:4      | Learned a level 4 spell: Summon Ice Beast
  4581 | D:4      | Reached skill level 5 in Spellcasting
  4642 | D:4      | Your scales start taking on a fiery red colour.
  4642 | D:4      | Reduced skill Ice Magic to level 5
  4642 | D:4      | Reached XP level 7. HP: 47/50 MP: 12/14
  4642 | D:4      | Gained mutation: Your flesh is heat resistant. (rF+) [Red Draconian growth]
  4644 | D:4      | Reached * piety under Cheibriados
  4883 | D:5      | Entered Level 5 of the Dungeon
  4948 | D:5      | Shot with an arrow by a centaur

Skill      XL: |  1  2  3  4  5  6  7 |
---------------+----------------------+-----
Ice Magic      | 4 5 5 |  5.0
Spellcasting   | 3 5 |  5.0
Dodging        | 3 |  3.4
Stealth        | |  1.7
Conjurations   | |  1.0

Action                   |  1- 3 |  4- 6 |  7- 9 || total
-------------------------+-------+-------+-------++-------
Melee: Unarmed           |    43 |       |       ||    43
       Tailslap          |     6 |    13 |       ||    19
       Dagger            |    26 |    52 |       ||    78
       Flail             |       |    28 |       ||    28
       Spear             |       |   103 |    18 ||   121
Throw: Stone             |    74 |    96 |       ||   170
 Cast: Freeze            |    37 |    33 |     4 ||    74
       Ozocubu's Armour  |     2 |     1 |       ||     3
 Abil: Breathe Fire      |       |       |     1 ||     1
 Stab: Sleeping          |     1 |       |       ||     1
  Eat: Chunk             |     2 |     7 |     1 ||    10
       Ration            |       |     1 |       ||     1
Armor: Skin              |    24 |    68 |     8 ||   100
Dodge: Dodged            |    54 |   108 |    15 ||   177
